 Dungeon Crawl Stone Soup version 0.21-a0-442-g848f44b (webtiles) character file.

14399 vineage the Fencer (level 11, -4/89 HPs)
             Began as a Minotaur Fighter on Nov 16, 2017.
             Was the Champion of Cheibriados.
             Killed by divine providence
             ... invoked by Saint Roka
              (15 damage)
             ... on level 2 of the Orcish Mines.
             The game lasted 00:22:09 (7706 turns).

vineage the Fencer (Minotaur Fighter)               Turns: 7706, Time: 00:22:10

Health: -4/89      AC: 20    Str: 47    XL:     11   Next: 88%
Magic:  12/12      EV: 18    Int: 20    God:    Cheibriados [******]
Gold:   1063       SH: 22    Dex: 28    Spells: 10/10 levels left

rFire    . . .     SeeInvis .   u - +9 dagger of the Distant Future {drain, Str+7}
rCold    . . .     Gourm    .   c - +5 shield
rNeg     . . .     Faith    .   C - +4 ring mail of Happiness {Str+2 Stlth+}
rPois    .         Spirit   .   q - +2 hat
rElec    .         Reflect  .   w - +2 cloak
rCorr    .         Harm     .   v - +0 pair of gloves
MR       .....     Clarity  +   e - +0 pair of boots
Stlth    +++.......             I - amulet of magic regeneration
HPRegen  0.64/turn              d - -2 ring of dexterity (curse)
MPRegen  0.38/turn              y - +4 ring of dexterity

@: flying, hasted and slowed, very slow
A: retaliatory headbutt, horns 2, yellow scales 1, clarity, high mp 1,
regeneration 1, no potion heal 1
a: Bend Time, Temporal Distortion, Slouch, Step From Time, Renounce Religion


You were on level 2 of the Orcish Mines.
You worshipped Cheibriados.
Cheibriados was exalted by your worship.
You were hungry.

You visited 2 branches of the dungeon, and saw 11 of its levels.

You collected 1063 gold pieces.

Inventory:

Hand Weapons
 a - a +0 long sword of flaming
 p - a -2 falchion
 u - the +9 dagger of the Distant Future (weapon) {drain, Str+7}
   (You took it off an orc on level 4 of the Dungeon)

   A truly terrible weapon, it drains the life of those it strikes.
   It affects your strength (+7).
Armour
 b - a +0 scale mail
 c - a +5 shield (worn)
 e - a +0 pair of boots (worn)
 q - a +2 hat (worn)
 v - a +0 pair of gloves (worn)
 w - a +2 cloak (worn)
 C - the +4 ring mail of Happiness (worn) {Str+2 Stlth+}
   (You found it on level 9 of the Dungeon)

   It affects your strength (+2).
   It makes you more stealthy.
 E - a +0 pair of boots
Jewellery
 d - a cursed -2 ring of dexterity (left hand)
 i - an uncursed ring of ice
 k - an uncursed ring of fire
 y - a +4 ring of dexterity (right hand)
 F - an uncursed ring of ice
 I - an amulet of magic regeneration (around neck)
 K - an uncursed ring of protection from magic
Wands
 z - a wand of flame (28/48)
 G - a wand of paralysis (14/24)
Scrolls
 x - a scroll of recharging
 B - 3 scrolls of magic mapping
 H - a scroll of enchant weapon {unknown}
Potions
 g - a potion of ambrosia
 h - a potion of magic
 j - a potion of cancellation
 l - 2 potions of curing
 m - a potion of agility
Books
 D - a book of Changes

   Spells                             Type                      Level
   a - Beastly Appendage              Transmutation                1
   b - Sticks to Snakes               Transmutation                2
   c - Spider Form                    Transmutation/Poison         3
   d - Ice Form                       Ice/Transmutation            4
   e - Blade Hands                    Transmutation                5
Comestibles
 f - a bread ration
 n - 3 meat rations
 o - 4 fruits
 s - 2 royal jellies


   Skills:
 + Level 6.1 Fighting
 + Level 4.4(10.4) Short Blades
 - Level 15.2(15.5) Long Blades
 + Level 6.6 Armour
 * Level 7.3 Dodging
 + Level 11.9 Shields
 + Level 1.4 Invocations


You had 10 spell levels left.
You didn't know any spells.

Dungeon Overview and Level Annotations

Branches:
Dungeon (9/15)             Temple (0/1) D:5             Orc (2/2) D:9
    Elf (0/3) Orc:2
   Lair: D:8-11

Altars:
Ashenzari
Cheibriados
Gozag
Kikubaaqudgha
Nemelex Xobeh
Okawaru
Qazlal
Ru
Sif Muna
Trog
Xom
Yredelemnul

Annotations:
Orc:2 Saint Roka


Innate Abilities, Weirdness & Mutations

You reflexively headbutt those who attack you in melee.
You have a pair of horns on your head.
You are partially covered in yellow scales. (AC +2)
You possess an exceptional clarity of mind.
You have an increased reservoir of magic. (+10% MP)
Your natural rate of healing is unusually fast.
Potions are less effective at restoring your health.


Message History

You puncture Saint Roka! You drain Saint Roka!
Saint Roka is severely wounded.
You barely miss Saint Roka. Your headbutt misses Saint Roka.
Saint Roka is severely wounded.
You block Saint Roka's attack.
You hit Saint Roka. You drain Saint Roka!
Saint Roka is severely wounded.
You hit Saint Roka. You drain Saint Roka!
Saint Roka is severely wounded.
You hit Saint Roka.
Saint Roka is almost dead.
Saint Roka calls out, "Orcs!
Behind me!"
You block Saint Roka's attack.
You hit Saint Roka. You drain Saint Roka!
Saint Roka is almost dead.
You hit Saint Roka. You drain Saint Roka! Your headbutt misses Saint Roka.
Saint Roka is almost dead.
Saint Roka invokes the aid of Beogh against you.
Beogh smites you!
You die...

#....#........
....$........
##............
#..............
##.....#.......
#...............
#....)o)........
#$..)@)........
##...).)...............
#......................
##.............#.......
#.....................
#.........#............
##...............#.....
##...............#....
##...................).


You could see Saint Roka.

Vanquished Creatures
  Fannar (Orc:1)
  2 two-headed ogres
  An orc high priest (Orc:1)
  The ghost of Ijustatesigmund the Basher, a novice OpAr (D:7)
  Pikel (D:6)
  An orc knight (D:9)
  2 orc sorcerers
  Joseph (D:8)
  Psyche (D:8)
  2 trolls
  3 hippogriffs
  A wyvern (D:8)
  8 yaks (D:9)
  The ghost of Autsider the Chopper, an amateur HOMo of Beogh (D:3)
  Grum (D:8)
  Edmund (D:6)
  2 wargs
  15 orc warriors
  6 ice beasts
  2 sky beasts
  6 ogres
  2 wolves (D:8)
  A phantom (D:7)
  4 centaurs
  A necrophage (D:5)
  4 bullfrogs
  A gnoll sergeant (D:9)
  A scorpion (D:6)
  12 killer bees
  4 wights (D:8)
  A quasit (D:9)
  5 crimson imps
  A centaur zombie (D:8)
  A jelly (D:6)
  A bullfrog zombie (D:9)
  3 hounds
  Crazy Yiuf (D:5)
  A bullfrog skeleton (D:8)
  A gnoll shaman (D:8)
  9 orc priests
  10 worker ants
  An iguana (D:5)
  16 orc wizards
  Terence (D:3)
  2 killer bee zombies
  2 hound zombies
  A hound skeleton (D:4)
  2 worker ant zombies
  6 gnolls
  7 adders
  2 shadow imps (D:5)
  An ooze (D:2)
  5 worms
  4 dart slugs
  5 leopard geckos
  70 orcs
  A ball python (D:3)
  5 giant cockroaches
  8 goblins
  6 hobgoblins
  4 jackals
  11 kobolds
  6 quokkas
  6 bats
  5 frilled lizards
  A jackal skeleton (D:7)
  11 rats
312 creatures vanquished.

Vanquished Creatures (others)
  An orc wizard (D:6)
  4 orcs
5 creatures vanquished.

Grand Total: 317 creatures vanquished

Notes
Turn   | Place    | Note
-------+----------+-------------------------------------------
     0 | D:1      | vineage the Minotaur Fighter began the quest for the Orb.
     0 | D:1      | Reached XP level 1. HP: 19/19 MP: 0/0
    49 | D:1      | Reached skill level 3 in Long Blades
   121 | D:1      | Reached XP level 2. HP: 26/26 MP: 1/1
   413 | D:2      | Reached skill level 4 in Long Blades
   572 | D:2      | Found a snail-covered altar of Cheibriados.
   575 | D:2      | Reached XP level 3. HP: 31/31 MP: 2/2
   880 | D:2      | Became a worshipper of Cheibriados the Contemplative
   901 | D:2      | Reached skill level 5 in Long Blades
  1101 | D:2      | Reached XP level 4. HP: 36/39 MP: 3/3
  1395 | D:2      | Found a stormy altar of Qazlal.
  1396 | D:2      | Found a sacrificial altar of Ru.
  1864 | D:3      | Reached skill level 6 in Long Blades
  1885 | D:3      | Reached * piety under Cheibriados
  1885 | D:3      | Reached XP level 5. HP: 37/45 MP: 4/4
  2008 | D:3      | Reached skill level 7 in Long Blades
  2181 | D:3      | Noticed Autsider's ghost (amateur HOMo)
  2190 | D:3      | Killed Autsider's ghost
  2190 | D:3      | Reached skill level 8 in Long Blades
  2190 | D:3      | Reached XP level 6. HP: 31/51 MP: 5/5
  2412 | D:3      | Noticed Terence
  2421 | D:3      | Killed Terence
  2523 | D:3      | Found a shimmering altar of Xom.
  2531 | D:3      | Found a shimmering altar of Xom.
  2531 | D:3      | Found a shimmering altar of Xom.
  2691 | D:4      | Reached skill level 9 in Long Blades
  2704 | D:4      | Reached ** piety under Cheibriados
  2756 | D:4      | Found a deep blue altar of Sif Muna.
  2757 | D:4      | Found a bloodstained altar of Trog.
  2888 | D:4      | Reached XP level 7. HP: 57/57 MP: 6/6
  2946 | D:4      | Got a twisted dagger {drain}
  3502 | D:5      | Entered Level 5 of the Dungeon
  3518 | D:5      | Found an iron altar of Okawaru.
  3564 | D:5      | Reached skill level 10 in Long Blades
  3669 | D:5      | Found a staircase to the Ecumenical Temple.
  3716 | D:5      | Found an ancient bone altar of Kikubaaqudgha.
  3816 | D:5      | Found a runed door.
  3820 | D:5      | Noticed Crazy Yiuf
  3825 | D:5      | Killed Crazy Yiuf
  4097 | D:5      | Reached skill level 11 in Long Blades
  4130 | D:5      | Reached XP level 8. HP: 64/64 MP: 7/7
  4134 | D:5      | Reached *** piety under Cheibriados
  4358 | D:6      | Noticed Pikel
  4374 | D:6      | Killed Pikel
  4374 | D:6      | Reached skill level 12 in Long Blades
  4393 | D:6      | Reached skill level 13 in Long Blades
  4512 | D:6      | Reached skill level 1 in Invocations
  4532 | D:6      | Reached XP level 9. HP: 58/70 MP: 8/8
  4566 | D:6      | Reached **** piety under Cheibriados
  4569 | D:6      | Noticed Edmund
  4581 | D:6      | Killed Edmund
  4581 | D:6      | Reached skill level 14 in Long Blades
  4710 | D:6      | Found a sparkling altar of Nemelex Xobeh.
  4710 | D:6      | Found an opulent altar of Gozag.
  4813 | D:7      | Noticed Ijustatesigmund's ghost (novice OpAr)
  4824 | D:7      | Killed Ijustatesigmund's ghost
  4824 | D:7      | Reached skill level 15 in Long Blades
  4946 | D:7      | Reached skill level 1 in Dodging
  4952 | D:7      | Gained mutation: Your natural rate of healing is unusually fast. [mutagenic meat]
  4953 | D:7      | Gained mutation: You have an increased reservoir of magic. (+10% MP) [mutagenic meat]
  4955 | D:7      | Gained mutation: You expend magic power (3 MP) to strengthen your wands. [mutagenic meat]
  4957 | D:7      | Gained mutation: You have a somewhat thin skeletal structure. (Dex +2, Stealth) [mutagenic meat]
  5029 | D:7      | Reached ***** piety under Cheibriados
  5099 | D:7      | Found a basalt altar of Yredelemnul.
  5130 | D:7      | Noticed a two-headed ogre
  5138 | D:7      | Killed a two-headed ogre
  5138 | D:7      | Reached skill level 5 in Shields
  5138 | D:7      | Reached XP level 10. HP: 38/79 MP: 11/11
  5342 | D:7      | Reached skill level 5 in Armour
  5564 | D:8      | Found a shattered altar of Ashenzari.
  5582 | D:8      | Noticed Psyche
  5594 | D:8      | Killed Psyche
  5621 | D:8      | Reached skill level 5 in Fighting
  5833 | D:8      | Noticed Joseph
  5837 | D:8      | Noticed Grum
  5850 | D:8      | Killed Joseph
  5918 | D:8      | Killed Grum
  5944 | D:8      | Reached skill level 5 in Dodging
  6068 | D:8      | Lost mutation: You have a somewhat thin skeletal structure. (Dex +2, Stealth) [potion of mutation]
  6068 | D:8      | Lost mutation: You expend magic power (3 MP) to strengthen your wands. [potion of mutation]
  6068 | D:8      | Gained mutation: You are covered in fur. (AC +1) [potion of mutation]
  6068 | D:8      | Gained mutation: Your mind is acute. (Int +2) [potion of mutation]
  6071 | D:8      | Identified the +9 dagger of the Distant Future {drain, Str+7} (You took it off an orc on level 4 of the Dungeon)
  6115 | D:8      | Lost mutation: Your mind is acute. (Int +2) [potion of mutation]
  6115 | D:8      | Lost mutation: You are covered in fur. (AC +1) [potion of mutation]
  6115 | D:8      | Lost mutation: You have an increased reservoir of magic. (+10% MP) [potion of mutation]
  6115 | D:8      | Gained mutation: You are partially covered in yellow scales. (AC +2) [potion of mutation]
  6115 | D:8      | Gained mutation: Potions are less effective at restoring your health. [potion of mutation]
  6115 | D:8      | Gained mutation: You possess an exceptional clarity of mind. [potion of mutation]
  6115 | D:8      | Gained mutation: You have an increased reservoir of magic. (+10% MP) [potion of mutation]
  6298 | D:9      | Found a staircase to the Orcish Mines.
  6344 | D:9      | Got an ancient ring mail
  6355 | D:9      | Identified the +4 ring mail of Happiness {Str+2 Stlth+} (You found it on level 9 of the Dungeon)
  6452 | D:9      | Reached XP level 11. HP: 89/89 MP: 12/12
  6565 | D:9      | Reached skill level 1 in Short Blades
  6708 | D:9      | Reached ****** piety under Cheibriados
  6847 | Orc:1    | Entered Level 1 of the Orcish Mines
  6851 | Orc:1    | Noticed an orc knight
  6851 | Orc:1    | Noticed an orc sorcerer
  6862 | D:9      | Reached skill level 10 in Shields
  6909 | Orc:1    | Noticed an orc high priest
  6928 | D:9      | Killed an orc knight
  7024 | Orc:1    | Noticed a two-headed ogre
  7028 | Orc:1    | Killed an orc high priest
  7033 | Orc:1    | Paralysed by an orc sorcerer for 3 turns
  7046 | D:9      | Killed an orc sorcerer
  7176 | Orc:1    | Killed a two-headed ogre
  7178 | Orc:1    | Noticed Fannar
  7199 | Orc:1    | Killed Fannar
  7504 | Orc:2    | Entered Level 2 of the Orcish Mines
  7504 | Orc:2    | Found a staircase to the Elven Halls.
  7518 | Orc:2    | Noticed an orc sorcerer
  7526 | Orc:2    | Paralysed by an orc sorcerer for 3 turns
  7541 | Orc:2    | Killed an orc sorcerer
  7669 | Orc:2    | Noticed Saint Roka
  7689 | Orc:2    | HP: 4/89 [Saint Roka/divine providence (14)]
  7706 | Orc:2    | Killed from afar by Saint Roka

Vault maps used:
D:1:      scummos_arrival_simple_fountains, kennysheep_nondescript
D:2:      overflow_temple_1_default, gammafunk_temple_overflow_statue,
          first_bread, minmay_rat_gold_closets
D:3:      xom_redecorated, minmay_statues_item, uniq_terence
D:4:      minitemple, small_statue_intersection
D:5:      kennysheep_six_static_rooms, okawaru_trees_1,
          kiku_gazebo_garden_becter, minmay_temple_entry_statues_pillars,
          portal_sewer_entry_d, uniq_crazy_yiuf_cottage
D:6:      grunt_temple_overflow_opulence, uniq_pikel, uniq_edmund
D:7:      overflow_temple_1_default
D:8:      lemuel_doored_altar, uniq_joseph, uniq_psyche, uniq_grum
D:9:      orc_0_dummy
Orc:1:    uniq_fannar
Orc:2:    st_orc_mages, uniq_saint_roka

Skill      XL: |  1  2  3  4  5  6  7  8  9 10 11 |
---------------+----------------------------------+-----
Long Blades    | 3 4 5 6 8 9 11 13 15 | 15.2
Invocations    | 1 |  1.4
Dodging        | 2 5 7 |  7.3
Shields        | 5 9 11 | 11.9
Armour         | 4 6 |  6.6
Fighting       | 4 5 6 |  6.1
Short Blades   | 4 |  4.4

Action                   |  1- 3 |  4- 6 |  7- 9 | 10-12 || total
-------------------------+-------+-------+-------+-------++-------
Melee: Long sword        |    99 |   112 |       |       ||   211
       Headbutt          |    11 |    29 |   116 |   158 ||   314
       Falchion          |       |    33 |   303 |   148 ||   484
       Dagger            |       |       |       |   263 ||   263
Invok: Bend Time         |       |     1 |       |     3 ||     4
  Use: Scroll            |     2 |     5 |    12 |     8 ||    27
       Potion            |       |     5 |       |    11 ||    16
 Stab: Sleeping          |       |       |       |     3 ||     3
  Eat: Chunk             |       |     1 |    10 |     5 ||    16
       Bread ration      |       |     1 |       |       ||     1
Armor: Scale mail        |    43 |    84 |    66 |    49 ||   242
       Skin              |       |       |       |     9 ||     9
       Ring mail         |       |       |       |    59 ||    59
Dodge: Dodged            |    25 |    57 |    42 |   151 ||   275
Block: Shield            |    60 |    89 |   202 |   445 ||   796
       Rpst.: Long sword |     9 |    10 |       |       ||    19
       Falchion          |       |     3 |    14 |    12 ||    29

Table legend:
 A = Spawn XP
 B = Non-spawn XP
 C = Spawn XP percentage of total XP
 D = Spawn monster count
 E = Non-spawn monster count
 F = Spawn count percentage of total count
 G = Total turns spent on level
                    A         B        C        D         E        F      G
               +---------+---------+-------+---------+---------+-------+---------
         Total |       0 |   20570 |   0.0 |       0 |     312 |   0.0 |  7706
               +---------+---------+-------+---------+---------+-------+---------
           D:1 |       0 |      26 |   0.0 |       0 |      15 |   0.0 |   399
           D:2 |       0 |      77 |   0.0 |       0 |      27 |   0.0 |  1411
           D:3 |       0 |     481 |   0.0 |       0 |      35 |   0.0 |   826
           D:4 |       0 |     305 |   0.0 |       0 |      16 |   0.0 |   866
           D:5 |       0 |     858 |   0.0 |       0 |      23 |   0.0 |   846
           D:6 |       0 |    1887 |   0.0 |       0 |      31 |   0.0 |   462
           D:7 |       0 |    3163 |   0.0 |       0 |      31 |   0.0 |   739
           D:8 |       0 |    3434 |   0.0 |       0 |      37 |   0.0 |   655
           D:9 |       0 |    4960 |   0.0 |       0 |      52 |   0.0 |   932
         Orc:1 |       0 |    3217 |   0.0 |       0 |      12 |   0.0 |   368
         Orc:2 |       0 |    2162 |   0.0 |       0 |      33 |   0.0 |   202
               +---------+---------+-------+---------+---------+-------+---------
